Map: Blackpink LE

Players

Hostile

  • Race: Zerg Zerg
  • League: Master
  • Spawn Location: 7:00

FLORENCIO - Winner!

  • Race: Protoss Protoss
  • League: Master
  • Spawn Location: 1:00

VOD

Have the link to the VOD?

Description

Time

  • Played on: March 13, 2018, 7:35 p.m.
  • Length: 37:07
Show
View Real Time Build Order
Export as new Build Order

Hostile Zerg 

Build Orders: Hatch First, Ravager All-In 

Get SALT Encoding   

  12  0:01  Drone  
  13  0:13  Overlord  
  13  0:17  Drone  
  14  0:31  Drone  
  14  0:32  Drone  
  16  0:50  Hatchery  
  16  0:52  Drone  
  16  1:08  Spawning Pool  
  15  1:18  Drone x2  
  17  1:22  Extractor  
  16  1:39  Drone x2  
  18  1:42  Extractor  
  17  1:49  Drone  
  18  1:55  Drone  
  19  2:06  Drone x2  
  21  2:10  Roach Warren  
  21  2:14  Drone x2  
  22  2:29  Hatchery  
  21  2:52  Roach x3  
  27  2:59  Queen  
  28  3:08  Overlord  
  28  3:29  Ravager x2  
  28  3:30  Ravager, Evolution Chamber  
  28  3:33  Overlord  
  30  3:59  Roach x3  
  33  4:40  Hatchery  
  32  4:54  Ravager  
  32  4:55  Ravager x2  
  35  5:01  Drone x3  
  38  5:15  Lair  
  38  6:05  Drone x5  
  43  6:15  Hydralisk Den  
  38  6:24  Spore Crawler  
  36  6:25  Spore Crawler  
  36  6:32  Spore Crawler  
  35  6:40  Drone x3  
  37  6:51  Overlord x3  
  37  7:12  Drone  
  37  7:15  Queen  
  40  7:25  Hydralisk x2  
  44  7:34  Hatchery  
  43  7:39  Hydralisk  
  39  7:45  Hydralisk x3  
  39  7:50  Hydralisk  
  47  7:58  Hydralisk  
  49  8:09  Hydralisk  
  49  8:27  Hydralisk x3  
  55  8:36  Hydralisk  
  57  8:51  Spore Crawler  
  57  8:53  Hydralisk x2  
  57  8:54  Spore Crawler  
  59  8:59  Drone x2  
  61  9:07  Spore Crawler  
  61  9:09  Hydralisk x2  
  37  9:26  Hydralisk x2  
  36  9:34  Hydralisk x2  
  36  9:37  Queen  
  39  9:46  Drone x2  
  41  9:53  Drone  
  41  9:54  Drone  
  43  10:05  Drone x2  
  43  10:06  Drone  
  46  10:34  Drone x2  
  46  10:35  Drone x3  
  51  10:47  Hatchery  
  32  10:59  Extractor  
  32  11:05  Queen  
  32  11:06  Queen  
  32  11:07  Hydralisk x2  
  41  11:14  Hydralisk x2  
  45  11:19  Extractor  
  45  11:23  Hydralisk x2  
  48  11:30  Drone x3  
  48  11:32  Hatchery  
  50  11:43  Extractor  
  50  11:44  Queen  
  50  11:45  Queen  
  53  11:56  Hydralisk x2  
  53  11:57  Hydralisk  
  59  12:30  Extractor  
  59  12:32  Hydralisk  
  59  12:35  Overlord x3  
  60  12:38  Infestation Pit  
  59  12:46  Queen  
  59  12:47  Queen  
  63  12:57  Drone x2  
  65  13:11  Drone  
  66  13:15  Spore Crawler  
  66  13:17  Drone, Spore Crawler  
  65  13:22  Queen x2  
  69  13:29  Infestor x3  
  75  13:35  Spore Crawler  
  75  13:57  Infestor  
  77  14:08  Hatchery  
  61  15:20  Hydralisk x3  
  61  15:21  Hydralisk  
  60  15:33  Hydralisk x3  
  60  15:34  Hydralisk x2  
  70  15:55  Drone x4  
  70  15:56  Drone x2  
  76  16:08  Hydralisk  
  78  16:14  Drone  
  79  16:39  Drone x3  
  82  16:40  Drone  
  82  16:44  Hatchery  
  63  17:32  Hatchery  
  63  17:35  Hydralisk x2  
  53  18:47  Hydralisk  
  55  18:52  Hatchery  
  54  18:56  Spawning Pool  
  41  20:04  Drone x5  
  41  20:05  Drone  
  45  20:15  Spine Crawler  
  45  20:16  Spine Crawler  
  45  20:18  Spine Crawler  
  42  20:23  Drone x2  
  44  20:31  Drone x2  
  42  20:43  Drone  
  42  20:44  Drone x2  
  44  20:55  Spine Crawler x2, Spore Crawler  
  40  20:58  Drone x5  
  40  20:59  Drone  
  46  21:09  Drone x2  
  48  21:13  Drone x2  
  49  21:25  Spine Crawler x2  
  47  21:26  Extractor  
  47  21:32  Drone x4  
  42  21:44  Drone x2  
  40  21:51  Spore Crawler  
  39  21:56  Queen, Spore Crawler  
  39  21:58  Drone x2  
  39  21:59  Drone x3  
  45  22:04  Spore Crawler  
  45  22:06  Spore Crawler  
  45  22:07  Drone  
  45  22:08  Drone  
  45  22:09  Roach Warren  
  45  22:10  Drone  
  46  22:15  Lair  
  46  22:18  Roach  
  48  22:25  Drone x3  
  48  22:26  Drone  
  47  22:55  Drone x6  
  47  22:56  Drone  
  56  22:58  Roach x2  
  58  23:07  Extractor x2  
  58  23:08  Spore Crawler  
  58  23:11  Spore Crawler  
  54  23:21  Roach x2  
  58  23:31  Drone x4  
  58  23:32  Drone x3  
  58  23:33  Drone  
  63  23:57  Evolution Chamber  
  63  23:59  Hydralisk Den  
  62  24:05  Spine Crawler x2  
  62  24:06  Spine Crawler  
  59  24:19  Roach Warren  
  58  24:27  Hydralisk x2  
  58  24:28  Hydralisk x2  
  66  24:35  Extractor, Drone x3  
  66  24:36  Drone x5  
  73  24:52  Hydralisk x3  
  73  24:55  Hydralisk  
  79  25:04  Hydralisk x2  
  83  25:14  Overlord  
  83  25:24  Hatchery  
  83  25:36  Hydralisk  
  83  25:41  Overlord x2  
  83  25:42  Overlord  
  84  25:57  Hatchery  
  81  26:05  Roach x6  
  93  26:14  Hydralisk  
  95  26:22  Hydralisk x2  
  99  26:32  Roach x2  
  103  26:34  Overseer x3  
  103  26:47  Hydralisk  
  103  26:48  Hydralisk  
  103  26:52  Overlord x3  
  105  27:14  Hydralisk x4  
  105  27:15  Hydralisk x4  
  121  27:42  Hydralisk  
  121  27:43  Hydralisk x6  
  135  27:59  Drone x3  
  135  28:00  Overlord  
  135  28:01  Overlord  
  138  28:18  Hydralisk x2  
  138  28:19  Hydralisk x2  
  132  28:54  Hydralisk x2  
  132  28:55  Hydralisk x3  
  138  29:15  Overlord x3  
  138  29:16  Overlord  
  74  29:40  Hydralisk  
  74  29:41  Hydralisk x6  
  74  29:42  Hydralisk x2  
  70  29:53  Hydralisk x3  
  70  30:00  Spire  
  61  31:03  Hatchery  
  59  31:12  Mutalisk x5  
  59  31:13  Mutalisk  
  66  31:26  Mutalisk x2  
  70  31:34  Mutalisk x2  
  74  31:43  Drone x3  
  74  31:47  Overlord  
  77  31:54  Mutalisk  
  77  31:57  Mutalisk x2  
  81  32:27  Mutalisk x4  
  81  32:28  Mutalisk x2  
  74  32:55  Mutalisk x2  
  46  33:10  Zergling x4  
  46  33:11  Zergling x6  
  49  33:26  Mutalisk x2  
  43  33:42  Mutalisk  
  45  33:53  Drone  
  45  33:54  Drone x3  
  49  33:59  Overlord, Queen  
  49  34:00  Queen  
  48  34:35  Queen  
  48  34:45  Hatchery  
  43  34:54  Corruptor  
  45  35:02  Corruptor  
  43  35:14  Corruptor  
  37  35:40  Corruptor  
  39  35:50  Drone  
  39  35:51  Drone x4  
  44  36:13  Corruptor  
  44  36:18  Drone x2  
Show
View Real Time Build Order
Export as new Build Order

FLORENCIO Protoss - Winner!

Build Orders: Cannon Rush 

Get SALT Encoding   

  12  0:00  Probe (Chrono Boost)  
  13  0:13  Probe (Chrono Boost)  
  14  0:21  Probe (Chrono Boost)  
  15  0:28  Pylon  
  15  0:46  Probe  
  16  0:53  Forge  
  16  0:56  Gateway  
  16  0:58  Probe  
  17  1:14  Pylon  
  17  1:17  Pylon  
  17  1:19  Pylon  
  17  1:22  Probe  
  18  1:32  Pylon  
  18  1:36  Photon Cannon  
  18  1:41  Photon Cannon  
  18  1:44  Photon Cannon  
  18  1:48  Probe (Chrono Boost)  
  19  1:54  Assimilator  
  19  1:58  Assimilator  
  19  1:59  Probe (Chrono Boost)  
  20  2:09  Photon Cannon  
  20  2:19  Probe (Chrono Boost)  
  21  2:29  Photon Cannon  
  21  2:30  Probe (Chrono Boost)  
  21  2:31  Pylon  
  22  2:43  Probe  
  23  2:55  Probe  
  24  3:00  Pylon  
  24  3:20  Photon Cannon  
  24  3:27  Nexus  
  24  3:35  Photon Cannon  
  24  3:47  Cybernetics Core  
  24  4:02  Pylon  
  24  4:08  Assimilator  
  24  4:12  Assimilator  
  24  4:24  Stargate  
  24  4:26  Stargate  
  24  4:29  Pylon  
  24  4:43  Probe  
  25  4:56  Pylon  
  25  4:58  Probe  
  26  5:06  Void Ray x2 (Chrono Boost)  
  26  5:12  Probe  
  35  5:24  Probe  
  32  5:58  Void Ray (Chrono Boost)  
  36  6:13  Void Ray (Chrono Boost)  
  40  6:26  Pylon  
  40  6:53  Oracle  
  40  6:54  Oracle  
  46  7:02  Forge  
  46  7:04  Pylon  
  46  7:31  Oracle x2  
  52  7:47  Photon Cannon  
  52  8:01  Pylon  
  52  8:07  Photon Cannon  
  52  8:08  Oracle  
  55  8:19  Oracle (Chrono Boost)  
  58  8:25  Photon Cannon  
  54  8:27  Photon Cannon  
  54  8:29  Photon Cannon  
  53  9:04  Pylon  
  53  9:05  Pylon  
  53  9:14  Oracle  
  34  9:34  Oracle (Chrono Boost)  
  36  9:50  Oracle (Chrono Boost), Nexus  
  36  9:52  Pylon  
  39  9:58  Gateway  
  39  10:07  Pylon  
  39  10:09  Assimilator  
  39  10:12  Oracle (Chrono Boost)  
  42  10:44  Oracle  
  39  11:15  Probe  
  39  11:16  Assimilator  
  40  11:26  Gateway x2  
  40  11:27  Probe  
  40  11:32  Gateway  
  41  11:39  Probe  
  42  11:51  Probe (Chrono Boost)  
  42  11:52  Probe (Chrono Boost)  
  44  12:03  Probe (Chrono Boost)  
  46  12:09  Probe (Chrono Boost)  
  46  12:12  Probe (Chrono Boost)  
  47  12:16  Probe (Chrono Boost)  
  47  12:21  Oracle  
  51  12:28  Zealot x3, Probe (Chrono Boost)  
  59  12:38  Probe (Chrono Boost)  
  59  12:41  Oracle  
  59  12:43  Probe (Chrono Boost)  
  63  12:54  Probe  
  63  12:58  Zealot  
  66  13:06  Probe  
  66  13:11  Oracle, Probe  
  71  13:35  Cybernetics Core  
  71  14:05  Probe  
  71  14:06  Nexus  
  71  14:08  Pylon  
  72  14:10  Pylon  
  72  14:17  Probe  
  70  14:39  Adept x2  
  70  14:40  Adept  
  73  14:47  Oracle  
  76  15:06  Adept  
  76  15:07  Adept x2  
  70  15:33  Photon Cannon  
  70  15:34  Photon Cannon  
  69  15:35  Stalker x2  
  69  15:36  Photon Cannon, Stalker  
  70  15:59  Robotics Facility  
  70  16:01  Robotics Facility  
  70  16:46  Pylon  
  70  17:04  Immortal, Probe x2  
  76  17:15  Shield Battery  
  76  17:16  Probe  
  76  17:28  Probe  
  51  18:13  Pylon  
  51  18:17  Shield Battery  
  51  18:18  Shield Battery  
  51  18:19  Shield Battery  
  49  18:21  Shield Battery  
  48  18:44  Assimilator  
  48  18:48  Assimilator  
  46  19:02  Nexus  
  44  19:36  Pylon  
  44  19:37  Pylon  
  44  19:39  Assimilator  
  44  19:42  Assimilator  
  40  19:52  Pylon  
  40  20:12  Forge  
  40  20:16  Gateway x2  
  40  20:19  Gateway  
  40  20:54  Photon Cannon x2  
  40  20:58  Photon Cannon  
  40  21:02  Photon Cannon  
  40  21:06  Assimilator  
  40  21:17  Zealot x3  
  44  21:27  Cybernetics Core  
  38  21:33  Photon Cannon  
  34  21:44  Zealot  
  34  22:05  Photon Cannon  
  34  22:06  Photon Cannon  
  34  22:17  Nexus  
  34  22:31  Stalker x2  
  37  22:46  Probe (Chrono Boost)  
  37  22:50  Pylon  
  38  22:56  Probe (Chrono Boost)  
  39  23:01  Probe (Chrono Boost), Stalker  
  42  23:13  Probe  
  43  23:35  Probe  
  43  23:38  Stargate  
  43  23:39  Stargate  
  44  23:47  Probe  
  45  23:59  Probe  
  44  24:12  Nexus  
  44  24:15  Pylon  
  44  24:20  Pylon  
  46  24:26  Oracle  
  47  24:32  Oracle  
  50  24:49  Stargate  
  50  24:52  Probe (Chrono Boost)  
  51  25:03  Oracle, Probe (Chrono Boost)  
  51  25:04  Photon Cannon  
  55  25:11  Oracle  
  58  25:20  Photon Cannon  
  58  25:24  Probe  
  59  25:33  Oracle  
  62  25:38  Probe (Chrono Boost)  
  63  25:44  Probe (Chrono Boost)  
  63  25:46  Probe (Chrono Boost)  
  66  25:54  Probe (Chrono Boost)  
  66  25:55  Oracle (Chrono Boost), Probe (Chrono Boost)  
  70  26:00  Probe (Chrono Boost)  
  72  26:05  Oracle (Chrono Boost)  
  75  26:11  Oracle (Chrono Boost)  
  75  26:12  Probe  
  78  26:27  Pylon  
  78  26:32  Oracle (Chrono Boost)  
  81  26:34  Oracle (Chrono Boost)  
  84  26:42  Probe  
  84  26:43  Oracle (Chrono Boost)  
  84  26:44  Probe  
  89  26:50  Shield Battery  
  89  26:54  Photon Cannon, Probe  
  90  27:21  Pylon  
  90  27:22  Pylon  
  90  27:39  Oracle  
  91  27:46  Nexus  
  91  27:48  Oracle x2  
  97  27:58  Adept x2  
  101  28:11  Photon Cannon  
  101  28:45  Oracle (Chrono Boost)  
  101  28:47  Oracle (Chrono Boost)  
  102  28:50  Oracle (Chrono Boost)  
  102  29:16  Oracle (Chrono Boost)  
  102  29:17  Oracle (Chrono Boost)  
  108  29:25  Oracle  
  54  29:49  Oracle  
  54  29:50  Oracle  
  60  30:02  Oracle  
  64  30:09  Probe (Chrono Boost)  
  64  30:17  Probe (Chrono Boost)  
  67  30:21  Probe (Chrono Boost)  
  67  30:22  Probe (Chrono Boost)  
  67  30:27  Probe (Chrono Boost)  
  69  30:29  Probe x2 (Chrono Boost)  
  70  30:40  Probe  
  70  30:42  Probe  
  66  31:26  Phoenix x2  
  66  31:32  Phoenix  
  72  31:38  Probe (Chrono Boost)  
  74  31:47  Probe (Chrono Boost)  
  75  31:55  Probe (Chrono Boost)  
  75  31:59  Probe (Chrono Boost)  
  76  32:08  Phoenix, Probe (Chrono Boost)  
  74  32:27  Phoenix  
  64  33:20  Probe  
  74  33:32  Probe  
  68  33:41  Phoenix  
  68  33:42  Phoenix x2  
  71  33:48  Probe (Chrono Boost)  
  71  33:49  Probe (Chrono Boost)  
  72  34:00  Probe (Chrono Boost)  
  73  34:06  Phoenix x2  
  77  34:12  Phoenix  
  80  34:25  Probe (Chrono Boost)  
  80  34:34  Probe  
  73  35:12  Phoenix x2  
  73  35:13  Phoenix  
  69  35:39  Probe (Chrono Boost)  
  69  35:42  Void Ray  
  70  35:48  Probe (Chrono Boost)  
  76  35:50  Probe (Chrono Boost)  
  76  36:01  Probe (Chrono Boost)  
  77  36:04  Pylon  
  77  36:10  Probe (Chrono Boost)  
  78  36:17  Probe  
Tags
 
Add a new tag
Caveats
  • Supply blocks, unpowered buildings, or Contaminate may cause inaccurate times.
  • Supply counts are checked every 10 seconds.